 Dungeon Crawl Stone Soup version 0.13.0 (webtiles) character file.

172 Lilouch the Shield-Bearer (level 4, -1/28 HPs)
             Began as a Gargoyle Fighter on Oct 12, 2013.
             Slain by a gnoll
             ... wielding a +0,+0 halberd
              (4 damage)
             ... on Level 3 of the Dungeon.
             The game lasted 00:05:29 (1034 turns).

Lilouch the Shield-Bearer (Gargoyle Fighter)        Turns: 1034, Time: 00:05:29

HP  -1/28        AC 10     Str 20      XL: 4   Next: 42%
MP   3/3         EV  6     Int  9      God:
Gold 91          SH 18     Dex  9      Spells:  0 memorised,  3 levels left

Res.Fire  : . . .   See Invis. : .   q - -1,+1 orc flail
Res.Cold  : . . .   Warding    : .   b - +0 scale mail
Life Prot.: + . .   Conserve   : .   c - +0 shield
Res.Poison: +       Res.Corr.  : .   (no helmet)
Res.Elec. : +       Clarity    : .   (no cloak)
Sust.Abil.: . .     Spirit.Shd : .   (no gloves)
Res.Mut.  : .       Stasis     : .   (no boots)
Res.Rott. : +       Flight     : .   (no amulet)
Saprovore : . . .                    (no ring)
                                     (no ring)

@: slightly resistant to hostile enchantments, extremely unstealthy
A: fangs 1, talons 2, life protection 1, electricity resistance, slow metabolism
1, unbreathing, petrification resistance, AC +3
a: no special abilities


You were on level 3 of the Dungeon.
You were not hungry.

You visited 1 branch of the dungeon, and saw 3 of its levels.

You collected 71 gold pieces.

Inventory:

Hand weapons
 a - a +0,+0 mace
 i - a +0,+0 spear (quivered)
 q - a -1,+1 orcish flail (weapon)
Armour
 b - a +0 scale mail (worn)
 c - a +0 shield (worn)
Comestibles
 d - 2 bread rations
 m - a chunk of orc flesh
 r - a chunk of adder flesh
Scrolls
 e - 2 scrolls of identify {unknown}
 k - a scroll of teleportation {unknown}
 l - a scroll of remove curse {unknown}
 n - a scroll of curse armour {unknown}
 o - a scroll of random uselessness {unknown}
Jewellery
 g - a cursed ring of sustenance {unknown}
Potions
 f - a potion of might {unknown}
 j - 2 potions of degeneration {unknown}
 p - a potion of curing {unknown}


   Skills:
 - Level 3.5 Fighting
 * Level 3.6 Maces & Flails
 + Level 3.7 Armour
 + Level 4.1 Shields


You had 3 spell levels left.
You didn't know any spells.

Dungeon Overview and Level Annotations

Branches:
Dungeon (3/27)

Altars:
Trog
the Shining One


Innate Abilities, Weirdness & Mutations

You are resistant to torment.
You are immune to poison.
Your stone body is very resilient (AC +3).
You have very sharp teeth.
You have razor-sharp toenails.
You resist negative energy.
You are resistant to electric shocks.
You have a slow metabolism.
You can survive without breathing.
You are immune to petrification.


Message History

Things that are here:
a whip; a spear; a gnoll corpse; 7 arrows You barely miss the gnoll.
You claw the gnoll, but do no damage. The gnoll barely misses you.
You hit the gnoll but do no damage. The gnoll barely misses you.
You sock the gnoll! Your kick misses the gnoll.
The gnoll is heavily wounded.
The gnoll hits you with a halberd.
You closely miss the gnoll. You claw the gnoll, but do no damage.
The gnoll is heavily wounded.
The gnoll hits you with a halberd. The gnoll closely misses you.
You hit the gnoll.
The gnoll is almost dead.
You block the gnoll's attack. The gnoll barely misses you.
You closely miss the gnoll. Your kick misses the gnoll.
The gnoll is almost dead.
The gnoll hits you with a halberd.
* * * LOW HITPOINT WARNING * * *
The gnoll hits you from afar with a halberd.
You die...

.# #### #.## #..
..... #.####...#
#.##...S.# ..
#.##.....#...
#@#..$[......
#.gg.....#
##...<...#
#.......# ..#
#......## ..#
#......# ..
#......# ####.#
#......# ##....#
###.######..(..##


You could see 2 gnolls.

Vanquished Creatures
  2 gnolls (D:3)
  3 adders
  A worm (D:2)
  An ooze (D:1)
  2 orcs (D:2)
  A giant cockroach (D:3)
  3 goblins
  4 hobgoblins
  3 bats
  A giant newt (D:1)
  3 kobolds
  4 rats
28 creatures vanquished.

Notes
Turn   | Place    | Note
--------------------------------------------------------------
     0 | D:1      | Lilouch, the Gargoyle Fighter, began the quest for the Orb.
     0 | D:1      | Reached XP level 1. HP: 14/14 MP: 0/0
   117 | D:1      | Reached XP level 2. HP: 10/19 MP: 1/1
   395 | D:2      | Reached XP level 3. HP: 8/24 MP: 2/2
   472 | D:2      | Found a bloodstained altar of Trog.
   636 | D:2      | Found a glowing golden altar of the Shining One.
  1014 | D:3      | Reached skill level 4 in Shields
  1014 | D:3      | Reached XP level 4. HP: 26/28 MP: 3/3
  1034 | D:3      | Slain by a gnoll

Action                   |  1- 3 |  4- 6 || total
-------------------------+-------+-------++-------
Melee: Mace              |    58 |       ||    58
       Flail             |    14 |    13 ||    27
